 Dungeon Crawl Stone Soup version 0.16.0-17-g811c1d7 (webtiles) character file.

1250 HungrySpirit the Slasher (level 8, -1/68 HPs)
             Began as a Demigod Fighter on Mar 21, 2015.
             Slain by Prince Ribbit (8 damage)
             ... on level 6 of the Dungeon.
             The game lasted 00:14:07 (5456 turns).

HungrySpirit the Slasher (Demigod Fighter)          Turns: 5456, Time: 00:14:07

Health: -1/68      AC: 12    Str: 23    XL:     8   Next: 5%
Magic:  13/13      EV: 13    Int: 12    God:
Gold:   256        SH: 11    Dex: 20    Spells: 0 memorised, 7 levels left

rFire  . . .     SeeInvis .     a - +0 long sword
rCold  + . .     Clarity  .     x - +0 plate armour
rNeg   . . .     SustAb   +     c - +0 shield
rPois  .         Gourm    .     D - +1 hat
rElec  .         Spirit   .     (no cloak)
rCorr  .         Warding  .     (no gloves)
rMut   .         Stasis   .     (no boots)
MR     .....                    (no amulet)
Stlth  ..........               b - ring of protection from cold
                                w - +4 ring of evasion

@: agile, not resistant to hostile enchantments, extremely unstealthy
A: sustain abilities
a: no special abilities


You were on level 6 of the Dungeon.
You were not hungry.

You visited 1 branch of the dungeon, and saw 6 of its levels.

You collected 256 gold pieces.

Inventory:

Hand weapons
 a - a +0 long sword (weapon)
Armour
 c - a +0 shield (worn)
 x - a +0 plate armour (worn)
 D - a +1 hat (worn)
Rods
 y - a +0 rod of shadows (13/13)
   (You found it on level 4 of the Dungeon)
Jewellery
 b - a ring of protection from cold (right hand)
 f - a +4 ring of intelligence
 r - an uncursed ring of protection from fire
 w - a +4 ring of evasion (left hand)
Magical devices
 t - a wand of frost (33)
Scrolls
 e - a scroll of immolation {unknown}
 g - 3 scrolls of enchant armour {unknown}
 j - 10 scrolls of identify {unknown}
 l - 3 scrolls of random uselessness {unknown}
 m - 2 scrolls of magic mapping {unknown}
 o - 5 scrolls of remove curse {unknown}
 q - 3 scrolls of enchant weapon {unknown}
 B - a scroll of blinking {unknown}
 E - a scroll of fog {unknown}
 F - a scroll of fear {unknown}
Potions
 i - a potion of ambrosia
 s - a potion of poison
 v - 2 potions of haste {unknown}
 z - a potion of experience {unknown}
 A - a potion of invisibility {unknown}
 C - a potion of restore abilities {unknown}
 G - a potion of brilliance {unknown}
Comestibles
 d - 4 bread rations
 k - 3 slices of pizza
 u - 3 meat rations


   Skills:
 + Level 5.1 Fighting
 * Level 6.6 Long Blades
 - Level 2.6 Armour
 + Level 5.4 Shields


You had 7 spell levels left.
You didn't know any spells.

Dungeon Overview and Level Annotations

Branches:
Dungeon (6/15)             Temple (0/1) D:4

Annotations:
D:6 Prince Ribbit


Innate Abilities, Weirdness & Mutations

Your attributes are resistant to harm.


Message History

You block Prince Ribbit's attack. The phantom hits you.
* * * LOW HITPOINT WARNING * * *
Prince Ribbit hits you.
* * * LOW HITPOINT WARNING * * *
Prince Ribbit momentarily phases out as your attack passes through him.
Prince Ribbit is heavily wounded.
The phantom hits you but does no damage.
Prince Ribbit hits you!
* * * LOW HITPOINT WARNING * * *
Prince Ribbit momentarily phases out as your attack passes through him.
Prince Ribbit is heavily wounded.
Prince Ribbit closely misses you.
The phantom hits you but does no damage.
Prince Ribbit blinks!
The phantom blinks!
You swing at nothing.
All of the chunks of flesh in your inventory have rotted away.
You slash the phantom!!
The phantom is almost destroyed.
The phantom blinks!
Prince Ribbit hits you!
You die...

.# # ... .. #..#
##.# #..## ##..# .#.
#..#### ##..# ....
#....###...## .....
#..........§##
#......
#..###......@##
....... #..#
##.....F.###...§...
#..#
##......†#........#
#..#
#.W.#............#
#.##
##..............##
##.#
##......##.....#
#..# #.....## .....#
#..########.....#
.....
####..............##
.....


You could see Prince Ribbit and a phantom.

Vanquished Creatures
  An orc warrior (D:5)
  Purgy (D:3)
  An ogre (D:4)
  A centaur (D:3)
  A giant frog (D:5)
  4 scorpions
  A giant frog zombie (D:5)
  A centaur skeleton (D:5)
  6 orc priests
  7 orc wizards
  2 worker ants
  Jessica (D:3)
  A hound zombie (D:5)
  2 hound skeletons (D:5)
  6 adders
  2 giant mites
  5 worms
  3 giant geckos
  34 orcs
  12 bats
  5 goblins
  14 hobgoblins
  6 jackals
  8 kobolds
  A quokka (D:5)
  2 ball pythons
  4 giant cockroaches
  A giant gecko skeleton (D:5)
  5 giant newts
  A quokka skeleton (D:5)
  11 rats
150 creatures vanquished.

Notes
Turn   | Place    | Note
--------------------------------------------------------------
     0 | D:1      | HungrySpirit, the Demigod Fighter, began the quest for the Orb.
     0 | D:1      | Reached XP level 1. HP: 18/18 MP: 2/2
   207 | D:1      | Reached XP level 2. HP: 22/25 MP: 3/3
   222 | D:1      | Reached skill level 3 in Fighting
   553 | D:2      | Reached XP level 3. HP: 2/31 MP: 5/5
  1734 | D:3      | Reached XP level 4. HP: 38/38 MP: 7/7
  1958 | D:3      | Noticed Jessica
  1962 | D:3      | Killed Jessica
  2109 | D:3      | Noticed Purgy
  2118 | D:3      | Killed Purgy
  2118 | D:3      | Reached XP level 5. HP: 41/45 MP: 8/8
  2237 | D:3      | Noticed a centaur
  2245 | D:3      | Killed a centaur
  2245 | D:3      | Reached skill level 4 in Long Blades
  2609 | D:3      | Reached XP level 6. HP: 52/52 MP: 10/10
  2994 | D:4      | Found a staircase to the Ecumenical Temple.
  3775 | D:4      | Reached skill level 5 in Long Blades
  3946 | D:5      | Entered Level 5 of the Dungeon
  4087 | D:5      | Reached XP level 7. HP: 54/59 MP: 12/12
  4277 | D:5      | Reached skill level 5 in Shields
  4543 | D:5      | Reached skill level 6 in Long Blades
  4883 | D:5      | Reached skill level 5 in Fighting
  5222 | D:6      | Reached XP level 8. HP: 68/68 MP: 13/13
  5363 | D:6      | Noticed Prince Ribbit
  5443 | D:6      | HP: 3/68 [phantom (6)]
  5456 | D:6      | Slain by Prince Ribbit

Action                   |  1- 3 |  4- 6 |  7- 9 || total
-------------------------+-------+-------+-------++-------
Melee: Long sword        |   111 |   206 |   189 ||   506
  Use: Potion            |       |     1 |     7 ||     8
  Eat: Chunk             |     2 |     8 |     5 ||    15
